 Dungeon Crawl Stone Soup version 0.28.0 (webtiles) character file.

Game seed: 16548365631700505801

179 crazypyro the Digger (level 5, -8/28 HPs)
             Began as a Gargoyle Earth Elementalist on Feb 7, 2022.
             Was an Initiate of Vehumet.
             Mangled by a mummy (10 damage)
             ... in an ossuary.
             The game lasted 00:06:01 (3832 turns).

crazypyro the Digger (Gargoyle Earth Elementalist)  Turns: 3832, Time: 00:06:01

Health: -8/28      AC:  9    Str: 11    XL:     5   Next: 59%
Magic:  0/9        EV: 12    Int: 18    God:    Vehumet [......]
Gold:   82         SH:  0    Dex: 10    Spells: 6/10 levels left

rFire   . . .      SeeInvis .   a - +0 spear
rCold   . . .      Faith    .   (no shield)
rNeg    + . .      Spirit   .   b - +0 robe
rPois   ∞          Reflect  .   h - +2 helmet
rElec   +          Harm     .   (no cloak)
rCorr   .          Rampage  .   (no gloves)
Will    .....                   (no boots)
Stlth   ++........              (no amulet)
HPRegen 0.09/turn               (no ring)
MPRegen 0.11/turn               (no ring)

@: no status effects
A: sickness immunity, AC +4, negative energy resistance 1, electricity
resistance, torment resistance 1, petrification resistance
a: Renounce Religion


You were in an ossuary.
You worshipped Vehumet.
Vehumet was noncommittal.
You visited 2 branches of the dungeon, and saw 5 of its levels.
You also visited: Ossuary.

You collected 82 gold pieces.

Inventory:

Hand Weapons
 a - a +0 spear (weapon)
 r - a +0 whip
Missiles
 c - 18 stones
Armour
 b - a +0 robe (worn)
 h - a +2 helmet (worn)
 k - the +0 leather armour of the Gravedigger {Str+5}
   (You found it on level 2 of the Dungeon)

   Str:       It affects your strength (+5).
Jewellery
 q - an amulet of faith
Scrolls
 f - 2 scrolls of enchant weapon {unknown}
 g - a scroll of teleportation {unknown}
 j - a scroll of vulnerability {unknown}
 m - a scroll of identify {unknown}
 p - a scroll of holy word {unknown}
Potions
 d - a potion of brilliance {unknown}
 e - 2 potions of flight {unknown}
 i - 2 potions of magic {unknown}
 l - a potion of degeneration {unknown}
 n - a potion of mutation {unknown}
 o - 3 potions of curing {unknown}


   Skills:
 - Level 1.6 Dodging
 - Level 2.2 Stealth
 + Level 3.1 Spellcasting
 * Level 3.0 Conjurations
 - Level 1.4 Transmutations
 + Level 4.8 Earth Magic


You had 6 spell levels left.
You knew the following spells:

 Your Spells              Type           Power      Damage    Failure   Level
a - Sandblast             Erth           40%        2d10      2%          1
b - Stone Arrow           Conj/Erth      34%        3d9       10%         3

Your spell library contained the following spells:

 Spells                   Type           Power      Damage    Failure   Level
 Passwall                 Tmut/Erth      11%        N/A       7%          2
 Petrify                  Tmut/Erth      14%        N/A       41%         4


Dungeon Overview and Level Annotations

Branches:
Dungeon (4/15)             Temple (1/1) D:4         Ossuary (1/1)

Altars:
Ashenzari
Cheibriados
Dithmenos
Elyvilon
Gozag
Hepliaklqana
Kikubaaqudgha
Makhleb
Nemelex Xobeh
Okawaru
Qazlal
Ru
Trog
Uskayaw
Vehumet
Wu Jian
Xom
Yredelemnul
Zin
The Shining One

Shops:
D:1 ?*   D:4 !(


Innate Abilities, Weirdness & Mutations

You are immune to sickness and miasma.
Your stone body is resilient. (AC +4)
You are immune to poison.
You resist negative energy. (rN+)
You are resistant to electric shocks. (rElec)
You are resistant to unholy torment.
You are immune to petrification.


Message History

The mummy hits you!
* * * LOW HITPOINT WARNING * * *
You are too injured to fight recklessly!
Casting: Sandblast (safe; 2% risk of failure)
Confirm with . or Enter, or press ? or * to list all spells.
Aiming: Sandblast (safe; 2% risk of failure)
Press: ? - help, Shift-Dir - straight line, f/p - water moccasin zombie
Aim: a water moccasin zombie (severely damaged, 81% to hit)
The blast of sand hits the water moccasin zombie.
The water moccasin zombie is severely damaged.
The water moccasin zombie bites you.
* * * LOW HITPOINT WARNING * * *
The bog mummy barely misses you.
The water moccasin zombie bites you but does no damage.
Casting: Sandblast (safe; 2% risk of failure)
Confirm with . or Enter, or press ? or * to list all spells.
Aiming: Sandblast (safe; 2% risk of failure)
Press: ? - help, Shift-Dir - straight line, f/p - water moccasin zombie
Aim: a water moccasin zombie (severely damaged, 81% to hit)
The blast of sand hits the water moccasin zombie!
The water moccasin zombie is almost destroyed.
The mummy barely misses you.
The water moccasin zombie bites you but does no damage.
Casting: Sandblast (safe; 2% risk of failure)
Confirm with . or Enter, or press ? or * to list all spells.
You don't have enough magic to cast this spell.
You hit the water moccasin zombie but do no damage.
The water moccasin zombie is almost destroyed.
The water moccasin zombie misses you. The bog mummy barely misses you.
The mummy misses you.
You barely miss the water moccasin zombie.
The water moccasin zombie is almost destroyed.
The water moccasin zombie closely misses you.
The bog mummy hits you.
* * * LOW HITPOINT WARNING * * *
You hit the water moccasin zombie.
The water moccasin zombie is almost destroyed.
The water moccasin zombie bites you but does no damage.
The mummy hits you!
You die... ##### #..∩# #.@.# #ZMM# ##'## ... '#+ #. ##

You could see a mummy, a bog mummy and a water moccasin zombie.

Vanquished Creatures
  A scorpion (D:4)
  A howler monkey zombie (Ossuary)
  3 adders
  2 worms (D:2)
  6 dart slugs
  An orc (D:3)
  4 bats
  2 endoplasms
  3 giant cockroaches
  8 goblins
  4 hobgoblins
  4 jackals (D:2)
  5 quokkas
  6 ball pythons
  3 frilled lizards (D:2)
  2 kobolds (D:1)
  12 rats
67 creatures vanquished.

Vanquished Creatures (others)
  A plant (D:4)
  8 withered plants (Ossuary)
9 creatures vanquished.

Grand Total: 76 creatures vanquished

Notes
Turn   | Place    | Note
-------+----------+-------------------------------------------
     0 | D:1      | crazypyro the Gargoyle Earth Elementalist began the quest
                  | for the Orb.
     0 | D:1      | Reached XP level 1. HP: 10/10 MP: 3/3
   104 | D:1      | Reached skill level 1 in Transmutations
   138 | D:1      | Reached XP level 2. HP: 15/15 MP: 5/5
   169 | D:1      | Found Jeiskapi's General Store.
   294 | D:1      | Reached skill level 4 in Earth Magic
   635 | D:1      | Reached XP level 3. HP: 19/19 MP: 3/6
  1011 | D:1      | Found Saexkuat's Magic Scroll Boutique.
  1284 | D:2      | Found a sacrificial altar of Ru.
  1377 | D:2      | Learned a level 3 spell: Stone Arrow
  2044 | D:2      | Reached skill level 1 in Conjurations
  2044 | D:2      | Reached XP level 4. HP: 21/24 MP: 4/8
  2116 | D:2      | Identified the +0 leather armour of the Gravedigger {Str+5}
  2684 | D:3      | Found a faded altar of an unknown god.
  3185 | D:4      | Found a staircase to the Ecumenical Temple.
  3198 | Temple   | Entered the Ecumenical Temple
  3413 | Temple   | Became a worshipper of Vehumet
  3447 | D:4      | Found Lejofuh's Distillery.
  3577 | D:4      | Found Haohis's Antique Weapon Shop.
  3668 | D:4      | Noticed a scorpion
  3706 | D:4      | Killed a scorpion
  3707 | D:4      | Reached XP level 5. HP: 9/28 MP: 0/9
  3728 | D:4      | Found a sand-covered staircase.
  3733 | Ossuary  | Entered an ossuary
  3832 | Ossuary  | Mangled by a mummy

Illustrated notes

Levels and vault maps discovered:
D:1:      elethiomel_arrival_diamonds, layout_basic, serial_shops,
          nicolae_shop_window_shopping, nicolae_shop_statue_plus
D:2:      layout_basic, basic_altar, minmay_hexomino_p4
D:3:      layout_loops_ring, chequers_ecumenical_altar_island
D:4:      layout_loops_ring, minmay_temple_entry_overgrown, enter_ossuary_5,
          serial_shops, nicolae_shop_window_shopping, shop, shop,
          nicolae_shop_hallway_plus, shop, hangedman_decor_clover_reticule
Temple:   roderic_octagonal_lattice_temple
Ossuary:  ossuary_zaba_flooded

Skill      XL: |  1  2  3  4  5 |
---------------+----------------+-----
Transmutations | 1 |  1.4
Earth Magic    | 4 |  4.8
Conjurations   | 1 2 3 |  3.0
Spellcasting   | 3 |  3.1
Dodging        | |  1.6
Stealth        | |  2.2

Action                   |  1- 3 |  4- 6 || total
-------------------------+-------+-------++-------
Melee: Spear             |    50 |    32 ||    82
       Unarmed           |     1 |       ||     1
 Cast: Sandblast         |    48 |    34 ||    82
       Stone Arrow       |       |     3 ||     3
 Stab: Sleeping          |     7 |       ||     7
Armor: Robe              |    21 |    13 ||    34
Dodge: Dodged            |    42 |    35 ||    77
